 Dungeon Crawl Stone Soup version 0.24-a0-474-g47c397e050 (webtiles) character file.

Game seed: 673579731744941129

424 Mithandil the Conjurer (level 6, -2/32 HPs)
             Began as a Deep Elf Conjurer on July 5, 2019.
             Shot with an arrow by a centaur (4 damage)
             ... on level 4 of the Dungeon.
             The game lasted 00:26:46 (3607 turns).

Mithandil the Conjurer (Deep Elf Conjurer)          Turns: 3607, Time: 00:26:47

Health: -2/32      AC:  5    Str:  5    XL:     6   Next: 64%
Magic:  12/15      EV: 14    Int: 22    God:
Gold:   253        SH:  0    Dex: 15    Spells: 3/14 levels left

rFire    . . .     SeeInvis .   a - +1 dagger
rCold    . . .     Gourm    .   (no shield)
rNeg     . . .     Faith    .   l - +0 robe
rPois    +         Spirit   .   (no helmet)
rElec    .         Reflect  .   (no cloak)
rCorr    .         Harm     .   b - +2 pair of gloves
MR       +....                  (no boots)
Stlth    ++........             (no amulet)
HPRegen  0.10/turn              e - ring of poison resistance
MPRegen  0.14/turn              i - ring of protection from magic

@: no status effects
A: no striking features
a: no special abilities


You were on level 4 of the Dungeon.
You were not hungry.

You visited 1 branch of the dungeon, and saw 4 of its levels.

You collected 253 gold pieces.

Inventory:

Hand Weapons
 a - a +1 dagger (weapon)
Missiles
 f - 105 stones
 m - 19 arrows
 n - 8 boomerangs (quivered)
Armour
 b - a +2 pair of gloves (worn)
 l - a +0 robe (worn)
Jewellery
 e - a ring of poison resistance (left hand)
 i - a ring of protection from magic (right hand)
Wands
 h - a wand of digging (4)
Scrolls
 u - 2 scrolls of teleportation
 v - a scroll of magic mapping
Potions
 g - a potion of heal wounds {unknown}
 j - a potion of brilliance {unknown}
 k - a potion of mutation {unknown}
 p - a potion of magic {unknown}
 q - a potion of agility {unknown}
 r - a potion of curing {unknown}
 s - a potion of flight {unknown}
 t - a potion of haste {unknown}
Comestibles
 c - 7 rations


   Skills:
 * Level 2.1 Short Blades
 + Level 3.6 Dodging
 + Level 3.4 Stealth
 * Level 4.8 Spellcasting
 * Level 6.6 Conjurations
 * Level 1.5 Translocations


You had 3 spell levels left.
You knew the following spells:

 Your Spells              Type           Power        Failure   Level  Hunger
a - Magic Dart            Conj           ####         1%          1    None
b - Searing Ray           Conj           ####..       1%          2    None
c - Force Lance           Conj/Tloc      ###.....     19%         4    ####...
d - Iskenderun's Mystic   Conj           ####....     7%          4    ####...

Your spell library contained the following spells:

 Spells                   Type           Power        Failure   Level  Hunger
 Dazzling Spray           Conj/Hex       ###...       8%          3    ##.....
 Fulminant Prism          Conj/Hex       ###.......   26%         4    ####...


Dungeon Overview and Level Annotations

Branches:
Dungeon (4/15)
 Temple: D:4-7

Altars:
Fedhas
Okawaru

Annotations:
D:2 Sigmund


Message History

The centaur wields a +0 shortbow.
The centaur shoots an arrow.
The arrow hits you!
Casting: Magic Dart (safe; 1% risk of failure)
Confirm with . or Enter, or press ? or * to list all spells.
Aiming: Magic Dart (safe; 1% risk of failure)
Press: ? - help, Shift-Dir - straight line, f/p - centaur
Aim: a centaur, wielding a +0 shortbow The magic dart hits the centaur but does no damage.
The centaur shoots an arrow.
The arrow hits you!
Casting: Magic Dart (safe; 1% risk of failure)
Confirm with . or Enter, or press ? or * to list all spells.
Aiming: Magic Dart (safe; 1% risk of failure)
Press: ? - help, Shift-Dir - straight line, f/p - centaur
Aim: a centaur, wielding a +0 shortbow The magic dart hits the centaur.
The centaur is lightly wounded.
The centaur shoots an arrow.
The arrow hits you!
* * * LOW HITPOINT WARNING * * *
The centaur shoots an arrow.
The arrow hits you.
You die...
P

P.P.
PcPP####
PP....#
#@# #.#
#.# #.#
#.# #.#
#.# #.#
##.#


You could see a centaur.

Vanquished Creatures
  A phantom (D:4)
  2 hounds (D:4)
  Jessica (D:3)
  Natasha (D:4)
  2 worker ants (D:4)
  4 adders
  4 gnolls (D:2)
  2 oozes
  4 worms (D:3)
  3 dart slugs
  A leopard gecko (D:2)
  2 orcs
  12 bats
  5 giant cockroaches
  8 hobgoblins
  4 jackals (D:2)
  7 kobolds
  4 quokkas
  A ball python (D:3)
  7 frilled lizards
  9 goblins
  9 rats
93 creatures vanquished.

Notes
Turn   | Place    | Note
-------+----------+-------------------------------------------
     0 | D:1      | Mithandil the Deep Elf Conjurer began the quest for the
                  | Orb.
     0 | D:1      | Reached XP level 1. HP: 10/10 MP: 6/6
   271 | D:1      | Reached XP level 2. HP: 15/15 MP: 1/8
   275 | D:1      | Learned a level 2 spell: Searing Ray
   370 | D:1      | Reached skill level 5 in Conjurations
   787 | D:1      | Reached XP level 3. HP: 17/19 MP: 6/9
  1207 | D:2      | Reached XP level 4. HP: 12/24 MP: 1/10
  1213 | D:2      | Learned a level 4 spell: Force Lance
  1325 | D:2      | Reached skill level 6 in Conjurations
  1744 | D:3      | Noticed Jessica
  1803 | D:2      | Reached skill level 1 in Short Blades
  1806 | D:2      | Reached XP level 5. HP: 27/28 MP: 0/11
  1950 | D:2      | Noticed Sigmund
  2666 | D:3      | Learned a level 4 spell: Iskenderun's Mystic Blast
  3015 | D:3      | Found an iron altar of Okawaru.
  3139 | D:3      | Killed Jessica
  3315 | D:4      | Reached skill level 1 in Translocations
  3315 | D:4      | Reached XP level 6. HP: 32/32 MP: 8/14
  3338 | D:4      | Noticed Natasha
  3341 | D:4      | Killed Natasha
  3422 | D:4      | Noticed an ice beast
  3604 | D:4      | Found a blossoming altar of Fedhas.
  3607 | D:4      | Shot with an arrow by a centaur

Levels and vault maps discovered:
D:1:      zelgadis_glass_arrival_large, layout_basic, minmay_3d_cube
D:2:      layout_loops_ring, uniq_sigmund
D:3:      layout_rooms, marbit_many_paths, first_ration, uniq_jessica
D:4:      layout_loops_ring, fedhas_bush_and_centaur_altar, uniq_pikel,
          uniq_natasha

Skill      XL: |  1  2  3  4  5  6 |
---------------+-------------------+-----
Conjurations   | 5 6 |  6.6
Dodging        | 3 |  3.6
Short Blades   | 1 2 |  2.1
Spellcasting   | 4 |  4.8
Translocations | 1 |  1.5
Stealth        | 3 |  3.4

Action                   |  1- 3 |  4- 6 || total
-------------------------+-------+-------++-------
 Cast: Magic Dart        |    62 |   158 ||   220
  Use: Scroll            |       |    11 ||    11
  Eat: Ration            |     1 |     2 ||     3
Armor: Robe              |     2 |    15 ||    17
Dodge: Dodged            |     7 |    28 ||    35

Table legend:
 A = Non-vault XP
 B = Vault XP
 C = Vault XP percentage of total XP
 D = Non-vault monster count
 E = Vault monster count
 F = Vault count percentage of total count
                 A         B        C        D         E       F
            +---------+---------+-------+---------+---------+-------
      Total |     526 |      81 |  13.3 |      86 |       7 |   7.5
            +---------+---------+-------+---------+---------+-------
        D:1 |      47 |       7 |  13.0 |      24 |       4 |  14.3
        D:2 |     141 |       0 |   0.0 |      31 |       0 |   0.0
        D:3 |      67 |      39 |  36.8 |      24 |       2 |   7.7
        D:4 |     271 |      35 |  11.4 |       7 |       1 |  12.5
            +---------+---------+-------+---------+---------+-------
